 Dungeon Crawl Stone Soup version 0.23-a0-150-g7664ed78f7 (webtiles) character file.

9 Holzbalken the Stinger (level 2, -4/19 HPs)
             Began as a Merfolk Venom Mage on Sept 7, 2018.
             Slain by a hobgoblin
             ... wielding a +0 club
              (5 damage)
             ... on level 1 of the Dungeon.
             The game lasted 00:03:29 (538 turns).

Holzbalken the Stinger (Merfolk Venom Mage)          Turns: 538, Time: 00:03:29

Health: -4/19      AC:  2    Str:  8    XL:     2   Next: 16%
Magic:  5/5        EV: 12    Int: 14    God:
Gold:   6          SH:  0    Dex: 14    Spells: 4/5 levels left

rFire    . . .     SeeInvis .   (no weapon)
rCold    . . .     Gourm    .   (no shield)
rNeg     . . .     Faith    .   a - +0 robe
rPois    .         Spirit   .   (no helmet)
rElec    .         Reflect  .   (no cloak)
rCorr    .         Harm     .   (no gloves)
MR       .....                  (no boots)
Stlth    ++........             (no amulet)
HPRegen  0.06/turn              (no ring)
MPRegen  0.09/turn              (no ring)

@: heavily drained
A: change form in water, swift swim, stealthy swim
a: no special abilities


You were on level 1 of the Dungeon.
You were not hungry.

You visited 1 branch of the dungeon, and saw 1 of its levels.

You collected 6 gold pieces.

Inventory:

Armour
 a - a +0 robe (worn)
Jewellery
 i - an uncursed amulet of faith {unknown}
Scrolls
 d - a scroll of remove curse {unknown}
 g - a scroll of fear {unknown}
 j - a scroll of enchant weapon {unknown}
Potions
 b - a potion of curing {unknown}
 e - a potion of magic {unknown}
 h - a potion of mutation {unknown}
Comestibles
 c - 2 rations
 f - a chunk of flesh


   Skills:
 + Level 3.0(1.3) Dodging
 - Level 2.1(0.5) Stealth
 + Level 2.1(0.5) Spellcasting
 + Level 1.0(0.0) Conjurations
 + Level 3.4(1.8) Poison Magic


You had 4 spell levels left.
You knew the following spells:

 Your Spells              Type           Power        Failure   Level  Hunger
a - Sting                 Conj/Pois      #...         19%         1    ##.....

Your spell library contained the following spells:

 Spells                   Type           Power        Failure   Level  Hunger
 Poisonous Vapours        Pois/Air       #.....       28%         2    ###....
 Mephitic Cloud           Conj/Pois/Air  #.......     54%         3    ####...
 Olgreb's Toxic Radiance  Pois           #.......     78%         4    #####..
 Venom Bolt               Conj/Pois      #.........   99%         5    ######.


Dungeon Overview and Level Annotations

Branches:
Dungeon (1/15)

Altars:


Message History

The hobgoblin shouts!
The bat misses you. The bat barely misses you. The bat misses you.
A kobold comes into view. It is wielding a dagger.
The kobold shouts!
The bat completely misses you.
Found 5 gold pieces.
The bat hits you but does no damage. The bat hits you.
The hobgoblin closely misses you. The bat barely misses you.
You closely miss the bat. The bat hits you. The bat barely misses you.
The bat closely misses you. The hobgoblin hits you with a club.
The rat bites you.
* * * LOW HITPOINT WARNING * * *
You closely miss the bat. The bat hits you.
* * * LOW HITPOINT WARNING * * *
The kobold hits you with a dagger.
* * * LOW HITPOINT WARNING * * *
The hobgoblin hits you with a club.
You die...

#.!.....#. #.......#.
###### #.......##
#....# #......g##
#....# #####+#?##
#....# #.#.## #....#
#.#.g. #..K.# #.####
#.b@g# #.##.. #..rr#
#.##..
###....##########.##..
$.......g.rr.g.........
##################.#...
#.#... #r#... #.#g..
#g#r##


You could see 2 hobgoblins, a bat, a kobold and 2 rats.

Vanquished Creatures
  2 dart slugs (D:1)
  A leopard gecko (D:1)
  A hobgoblin (D:1)
  A bat (D:1)
5 creatures vanquished.

Notes
Turn   | Place    | Note
-------+----------+-------------------------------------------
     0 | D:1      | Holzbalken the Merfolk Venom Mage began the quest for the
                  | Orb.
     0 | D:1      | Reached XP level 1. HP: 13/13 MP: 3/3
   206 | D:1      | Reached skill level 1 in Conjurations
   332 | D:1      | Reached XP level 2. HP: 19/19 MP: 3/5
   538 | D:1      | Slain by a hobgoblin

Vault maps used:
D:1:      onia_arrival_pyramid

Skill      XL: |  1 |
---------------+----+-----
Conjurations   | 1 |  1.0
Dodging        | 3 |  3.0
Stealth        | |  2.1
Spellcasting   | |  2.1
Poison Magic   | |  3.4

Action                   || total
-------------------------++-------
Melee: Unarmed           ||    31
 Cast: Sting             ||     4
 Stab: Sleeping          ||     1
Armor: Robe              ||    18
Dodge: Dodged            ||    53

Table legend:
 A = Non-vault XP
 B = Vault XP
 C = Vault XP percentage of total XP
 D = Non-vault monster count
 E = Vault monster count
 F = Vault count percentage of total count
                 A         B        C        D         E       F
            +---------+---------+-------+---------+---------+-------
      Total |      14 |       0 |   0.0 |       5 |       0 |   0.0
            +---------+---------+-------+---------+---------+-------
        D:1 |      14 |       0 |   0.0 |       5 |       0 |   0.0
            +---------+---------+-------+---------+---------+-------
